TOP OF THE 1ST |
Oakland Ducks batting - Pitching for San Francisco Spots : RHP Rolla Bracebridge
|
Pitching: RHP Rolla Bracebridge
|
|
Batting: LHB Wilburn Stowe
|
0-0: Ball 1-0: Ground out 4-3 (Groundball, 4, EV 69.4 MPH)
|
Batting: RHB Dominic Palmer
|
0-0: Called Strike 0-1: Ground out 5-3 (Groundball, 56S, EV 85.0 MPH)
|
Batting: RHB Wilson Keetley
|
0-0: Foul Ball, location: 2F 0-1: Called Strike 0-2: Strikes out swinging
|
Top of the 1st over - 0 runs, 0 hits, 0 errors, 0 left on base; Oakland 0 - San Francisco 0 |
BOTTOM OF THE 1ST |
San Francisco Spots batting - Pitching for Oakland Ducks : RHP James Reeves
|
Pitching: RHP James Reeves
|
|
Batting: RHB Harry Francombe
|
0-0: Ball 1-0: Ball 2-0: Called Strike 2-1: Foul Ball, location: 2F 2-2: Strikes out swinging
|
Batting: RHB Eugene Fyson
|
0-0: Ball 1-0: Foul Ball, location: 9LDF 1-1: Fly out, F6 (Popup, 4MS, EV 77.5 MPH)
|
Batting: RHB William Loosemoor
|
0-0: Ball 1-0: Fly out, F5 (Popup, 56, EV 60.6 MPH)
|
Bottom of the 1st over - 0 runs, 0 hits, 0 errors, 0 left on base; Oakland 0 - San Francisco 0 |
TOP OF THE 2ND |
Oakland Ducks batting - Pitching for San Francisco Spots : RHP Rolla Bracebridge
|
Batting: SHB Clarence Clark
|
0-0: Called Strike 0-1: Bunt for hit to 15S - play at first, batter safe!
|
Batting: RHB Walter Maillard
|
0-0: Called Strike 0-1: Fly out, F7 (Flyball, 78S, EV 95.0 MPH)
|
Batting: SHB Melville Robinson
|
0-0: Called Strike 0-1: Called Strike 0-2: Ball 1-2: Ball 2-2: Foul Ball, location: 2F 2-2: SINGLE (Line Drive, 9S, EV 93.8 MPH) Clarence Clark to second
|
Batting: RHB Leonard Willett
|
0-0: Foul Ball, location: 5SF 0-1: Fly out, F8 (Flyball, 8LD, EV 80.6 MPH)
|
Batting: RHB Winston Dyall
|
0-0: Ball 1-0: Fielders Choice at 2nd, 5-4 (Groundball, 56, EV 112.5 MPH)
|
Top of the 2nd over - 0 runs, 2 hits, 0 errors, 2 left on base; Oakland 0 - San Francisco 0 |
BOTTOM OF THE 2ND |
San Francisco Spots batting - Pitching for Oakland Ducks : RHP James Reeves
|
Batting: RHB Garfield Smead
|
0-0: Ball 1-0: SINGLE (Line Drive, 3D, EV 99.4 MPH)
|
Batting: RHB Ivory Moore
|
0-0: Ball 1-0: Fly out, F3 (Popup, 3S, EV 73.1 MPH)
|
Batting: LHB Marcelin Pennell
|
0-0: Ball Garfield Smead is caught stealing 2nd base 2-6 1-0: Foul Ball, location: 2F 1-1: Ball 2-1: Ground out 4-3 (Groundball, 4, EV 89.4 MPH)
|
Bottom of the 2nd over - 0 runs, 1 hit, 0 errors, 0 left on base; Oakland 0 - San Francisco 0 |
TOP OF THE 3RD |
Oakland Ducks batting - Pitching for San Francisco Spots : RHP Rolla Bracebridge
|
Batting: RHB James Reeves
|
0-0: Ground out 6-3 (Groundball, 6M, EV 77.5 MPH)
|
Batting: LHB Wilburn Stowe
|
0-0: Ball 1-0: Fly out, F3 (Line Drive, 3, EV 67.5 MPH)
|
Batting: RHB Dominic Palmer
|
0-0: Foul Ball, location: 2F 0-1: Ball 1-1: Ball 2-1: Ball 3-1: Foul Ball, location: 5SF 3-2: Strikes out swinging
|
Top of the 3rd over - 0 runs, 0 hits, 0 errors, 0 left on base; Oakland 0 - San Francisco 0 |
BOTTOM OF THE 3RD |
San Francisco Spots batting - Pitching for Oakland Ducks : RHP James Reeves
|
Batting: RHB Walter Taylor
|
0-0: Called Strike 0-1: Reached on error, E4 (Groundball, 4, EV 105.0 MPH)
|
Batting: RHB Jeremiah Watson
|
0-0: Ball 1-0: Fly out, F7 (Flyball, 78D, EV 97.5 MPH)
|
Batting: RHB Rolla Bracebridge
|
0-0: Sac Bunt to 3S - play at first, batter OUT! 3-4 Walter Taylor to second
|
Batting: RHB Harry Francombe
|
0-0: Called Strike 0-1: Foul Ball, location: 5FF 0-2: Strikes out swinging
|
Bottom of the 3rd over - 0 runs, 0 hits, 1 error, 1 left on base; Oakland 0 - San Francisco 0 |
TOP OF THE 4TH |
Oakland Ducks batting - Pitching for San Francisco Spots : RHP Rolla Bracebridge
|
Batting: RHB Wilson Keetley
|
0-0: Ball 1-0: Called Strike 1-1: Foul Ball, location: 9LDF 1-2: Strikes out looking
|
Batting: SHB Clarence Clark
|
0-0: Called Strike 0-1: Ground out 4-3 (Groundball, 4, EV 100.0 MPH)
|
Batting: RHB Walter Maillard
|
0-0: Foul Ball, location: 7LSFF 0-1: Ground out 5-3 (Groundball, 5, EV 91.9 MPH)
|
Top of the 4th over - 0 runs, 0 hits, 0 errors, 0 left on base; Oakland 0 - San Francisco 0 |
BOTTOM OF THE 4TH |
San Francisco Spots batting - Pitching for Oakland Ducks : RHP James Reeves
|
Batting: RHB Eugene Fyson
|
0-0: Ball 1-0: Called Strike 1-1: SINGLE (Groundball, 4MD, EV 100.6 MPH)
|
Batting: RHB William Loosemoor
|
0-0: Ball 1-0: Bunted foul 1-1: Called Strike Eugene Fyson is caught stealing 2nd base 2-4 1-2: Ball 2-2: Foul Ball, location: 2F 2-2: Strikes out looking
|
Batting: RHB Garfield Smead
|
0-0: Fly out, F9 (Flyball, 89M, EV 100.0 MPH)
|
Bottom of the 4th over - 0 runs, 1 hit, 0 errors, 0 left on base; Oakland 0 - San Francisco 0 |
TOP OF THE 5TH |
Oakland Ducks batting - Pitching for San Francisco Spots : RHP Rolla Bracebridge
|
Batting: SHB Melville Robinson
|
0-0: Ball 1-0: Foul Ball, location: 23FF 1-1: Reached on error, E4 (Groundball, 34, EV 105.0 MPH)
|
Batting: RHB Leonard Willett
|
0-0: Ball Melville Robinson steals 2nd, throwing error, E2 Melville Robinson to third 1-0: Foul Ball, location: 5F 1-1: Ground out 5-3 (Groundball, 56S, EV 85.0 MPH)
|
Batting: RHB Winston Dyall
|
0-0: Fly out, F8 (Line Drive, 8LM, EV 104.4 MPH) Runner from 3rd tags up, SCORES, no throw by CF
|
Batting: RHB James Reeves
|
0-0: Ball 1-0: Swinging Strike 1-1: Foul Ball, location: 2F 1-2: Strikes out swinging
|
Top of the 5th over - 1 run, 0 hits, 2 errors, 0 left on base; Oakland 1 - San Francisco 0 |
BOTTOM OF THE 5TH |
San Francisco Spots batting - Pitching for Oakland Ducks : RHP James Reeves
|
Batting: RHB Ivory Moore
|
0-0: Ball 1-0: Ball 2-0: Ball 3-0: Base on Balls
|
Batting: LHB Marcelin Pennell
|
0-0: Foul Ball, location: 3F 0-1: Sac Bunt to 13 - play at first, batter OUT! 1-3 Ivory Moore to second
|
Batting: RHB Walter Taylor
|
0-0: Ball 1-0: Ground out 2-3 (Groundball, 15S, EV 69.4 MPH)
|
Batting: RHB Jeremiah Watson
|
0-0: Ball 1-0: Fly out, F8 (Flyball, 8LD, EV 108.1 MPH)
|
Bottom of the 5th over - 0 runs, 0 hits, 0 errors, 1 left on base; Oakland 1 - San Francisco 0 |
TOP OF THE 6TH |
Oakland Ducks batting - Pitching for San Francisco Spots : RHP Rolla Bracebridge
|
Batting: LHB Wilburn Stowe
|
0-0: SINGLE (Groundball, 56S, EV 68.1 MPH) (infield hit)
|
Batting: RHB Dominic Palmer
|
0-0: Ball 1-0: Called Strike 1-1: Called Strike Wilburn Stowe steals 2nd base 1-2: SINGLE (Groundball, 5D, EV 104.4 MPH) Wilburn Stowe to third
|
Batting: RHB Wilson Keetley
|
0-0: Ball 1-0: SINGLE (Flyball, 8RS, EV 86.9 MPH) Wilburn Stowe scores Dominic Palmer to second
|
Batting: SHB Clarence Clark
|
0-0: Sac Bunt to 2L - play at third, runner OUT! 2-6 Wilson Keetley to second
|
Batting: RHB Walter Maillard
|
0-0: Ball 1-0: Ball 2-0: Called Strike 2-1: Grounds into double play, 6-4-3 (Groundball, 6, EV 79.4 MPH)
|
Top of the 6th over - 1 run, 3 hits, 0 errors, 1 left on base; Oakland 2 - San Francisco 0 |
BOTTOM OF THE 6TH |
San Francisco Spots batting - Pitching for Oakland Ducks : RHP James Reeves
|
Batting: RHB Rolla Bracebridge
|
0-0: Called Strike 0-1: Foul Ball, location: 2F 0-2: Ball 1-2: Strikes out swinging
|
Batting: RHB Harry Francombe
|
0-0: Called Strike 0-1: Reached on error, E6 (Groundball, 6, EV 101.9 MPH)
|
Batting: RHB Eugene Fyson
|
0-0: Ball 1-0: Ball 2-0: Ball 3-0: Base on Balls
|
Batting: RHB William Loosemoor
|
0-0: Called Strike Harry Francombe steals 3rd base 0-1: Ball 1-1: Called Strike 1-2: Strikes out swinging
|
Batting: RHB Garfield Smead
|
0-0: Ball 1-0: Ball 2-0: Called Strike 2-1: Ball 3-1: SINGLE (Groundball, 4MD, EV 85.0 MPH) (infield hit) Harry Francombe scores Eugene Fyson to second
|
Batting: RHB Ivory Moore
|
0-0: Ball 1-0: Fielders Choice at 2nd, 6-4 (Groundball, 6, EV 83.8 MPH)
|
Bottom of the 6th over - 1 run, 1 hit, 1 error, 2 left on base; Oakland 2 - San Francisco 1 |
TOP OF THE 7TH |
Oakland Ducks batting - Pitching for San Francisco Spots : RHP Rolla Bracebridge
|
Batting: SHB Melville Robinson
|
0-0: Called Strike 0-1: Ball 1-1: Fly out, F8 (Flyball, 8LM, EV 86.3 MPH)
|
Batting: RHB Leonard Willett
|
0-0: Called Strike 0-1: Ground out 5-3 (Groundball, 5S, EV 85.6 MPH)
|
Batting: RHB Winston Dyall
|
0-0: Ball 1-0: Foul Ball, location: 2F 1-1: Ball 2-1: Ball 3-1: Called Strike 3-2: DOUBLE (Line Drive, 9LM, EV 103.8 MPH)
|
Batting: RHB James Reeves
|
0-0: SINGLE (Line Drive, 7S, EV 95.6 MPH) Winston Dyall to third
|
Batting: LHB Wilburn Stowe
|
0-0: Called Strike 0-1: Ground out 4-3 (Groundball, 4, EV 88.1 MPH)
|
Top of the 7th over - 0 runs, 2 hits, 0 errors, 2 left on base; Oakland 2 - San Francisco 1 |
BOTTOM OF THE 7TH |
San Francisco Spots batting - Pitching for Oakland Ducks : RHP James Reeves
|
Batting: LHB Marcelin Pennell
|
0-0: Ball 1-0: Called Strike 1-1: Ball 2-1: TRIPLE (Flyball, 9LD, EV 108.1 MPH)
|
Batting: RHB Walter Taylor
|
0-0: Foul Ball, location: 5FF 0-1: Ball 1-1: Ball 2-1: Ground out 4-3 (Groundball, 4S, EV 70.0 MPH)
|
Pinch Hitting: RHB Charles Matthews
|
0-0: Ball 1-0: SINGLE (Groundball, 4, EV 103.1 MPH) (infield hit) Marcelin Pennell scores
|
Batting: RHB Rolla Bracebridge
|
0-0: Sac Bunt to 2L - play at first, batter OUT! 2-4 Charles Matthews to second
|
Batting: RHB Harry Francombe
|
0-0: Ball 1-0: Called Strike 1-1: Ball 2-1: Swinging Strike 2-2: Foul Ball, location: 2F 2-2: Foul Ball, location: 9LSF 2-2: SINGLE (Line Drive, 9S, EV 101.9 MPH) Charles Matthews to third Runner from 3rd tries for Home, SAFE, throw by RF to home
|
Batting: RHB Eugene Fyson
|
0-0: Called Strike Harry Francombe steals 2nd base 0-1: Foul Ball, location: 5DF 0-2: Ball 1-2: Ground out 4-3 (Groundball, 4, EV 80.0 MPH)
|
Bottom of the 7th over - 2 runs, 3 hits, 0 errors, 1 left on base; Oakland 2 - San Francisco 3 |
TOP OF THE 8TH |
Oakland Ducks batting - Pitching for San Francisco Spots : RHP Rolla Bracebridge
|
Now at 1B: Edward Anderson
|
|
Batting: RHB Dominic Palmer
|
0-0: Fly out, F8 (Flyball, 8RXD, EV 102.5 MPH)
|
Pinch Hitting: LHB Teodoro Mylott
|
0-0: Ball 1-0: Ball 2-0: Fly out, F6 (Popup, 6, EV 57.5 MPH)
|
Batting: SHB Clarence Clark
|
0-0: Called Strike 0-1: Swinging Strike 0-2: Ball 1-2: Ball 2-2: Ball 3-2: Fly out, F6 (Flyball, 6MD, EV 99.4 MPH)
|
Top of the 8th over - 0 runs, 0 hits, 0 errors, 0 left on base; Oakland 2 - San Francisco 3 |
BOTTOM OF THE 8TH |
San Francisco Spots batting - Pitching for Oakland Ducks : RHP James Reeves
|
Now at 3B: Winston Dyall
|
|
Now at SS: Toy Syratt
|
|
Batting: RHB William Loosemoor
|
0-0: Ball 1-0: Fly out, F7 (Flyball, 7D, EV 109.4 MPH)
|
Batting: RHB Garfield Smead
|
0-0: Called Strike 0-1: Foul Ball, location: 3FF 0-2: Ball 1-2: Ball 2-2: Foul Ball, location: 9LDF 2-2: Ground out 6-3 (Groundball, 6, EV 91.3 MPH)
|
Batting: RHB Ivory Moore
|
0-0: Ball 1-0: Ground out U3 (Groundball, 34, EV 83.1 MPH)
|
Bottom of the 8th over - 0 runs, 0 hits, 0 errors, 0 left on base; Oakland 2 - San Francisco 3 |
TOP OF THE 9TH |
Oakland Ducks batting - Pitching for San Francisco Spots : RHP Rolla Bracebridge
|
Batting: RHB Walter Maillard
|
0-0: Foul Ball, location: 9LSF 0-1: Ball 1-1: SINGLE (Line Drive, 9S, EV 104.4 MPH)
|
Batting: SHB Melville Robinson
|
0-0: Called Strike 0-1: Bunted foul 0-2: Ball 1-2: Grounds into double play, 4-6-3 (Groundball, 4, EV 83.8 MPH)
|
Pinch Hitting: SHB Leonard Thynne
|
0-0: Ball 1-0: Called Strike 1-1: Called Strike 1-2: Ground out 4-3 (Groundball, 4, EV 81.9 MPH)
|
Top of the 9th over - 0 runs, 1 hit, 0 errors, 0 left on base; Oakland 2 - San Francisco 3 |
|